 Dungeon Crawl Stone Soup version 0.28-a0-407-g69098e2 (webtiles) character file.

Game seed: 16422049521437007930

1795 Sixotanaka the Martial Artist (level 9, -9/59 HPs)
             Began as a Merfolk Transmuter on Sept 5, 2021.
             Killed from afar by a steam dragon (18 damage)
             ... with a ball of steam
             ... on level 7 of the Dungeon.
             The game lasted 00:21:23 (10004 turns).

Sixotanaka the Martial Artist (Merfolk Transmuter) Turns: 10004, Time: 00:21:24

Health: -9/59      AC:  7    Str: 13    XL:     9   Next: 9%
Magic:  12/12      EV: 18    Int: 13    God:
Gold:   350        SH:  0    Dex: 14    Spells: 6/12 levels left

rFire   . . .      SeeInvis .     - Unarmed
rCold   . . .      Faith    .   (no shield)
rNeg    . . .      Spirit   .   j - +0 leather armour
rPois   .          Reflect  .   (helmet currently unavailable)
rElec   .          Harm     .   (no cloak)
rCorr   .          Rampage  .   (no gloves)
Will    .....                   (boots currently unavailable)
Stlth   +.........              (no amulet)
HPRegen 0.19/turn               q - +4 ring of protection
MPRegen 0.13/turn               h - +4 ring of evasion

@: appendages (expiring)
A: horns 2, (nimble swimmer 2), mertail
a: End Transformation


You were on level 7 of the Dungeon.
You had temporarily grown beastly horns.
You visited 1 branch of the dungeon, and saw 7 of its levels.

You collected 350 gold pieces.


Innate Abilities, Weirdness & Mutations

You have temporarily grown beastly horns.
((You are quick and stealthy near water. (Stealth+, EV+, Speed+++)))
Your lower body shifts to a powerful aquatic tail in water.


   Skills:
 - Level 1.2 Fighting
 - Level 6.6 Dodging
 * Level 9.9 Unarmed Combat
 - Level 2.0 Spellcasting
 + Level 6.9 Transmutations
 - Level 3.3 Poison Magic


You had 6 spell levels left.
You knew the following spells:

 Your Spells              Type           Power      Damage    Failure   Level
a - Beastly Appendage     Tmut           38%        N/A       1%          1
b - Wereblood             Tmut           19%        N/A       2%          2
c - Spider Form           Tmut/Pois      7%         N/A       12%         3

Your spell library contained the following spells:

 Spells                   Type           Power      Damage    Failure   Level
 Magic Dart               Conj           4%         1d3       32%         1
 Call Imp                 Summ           1%         N/A       43%         2
 Slow                     Hex            1%         N/A       43%         2
 Mephitic Cloud           Conj/Pois/Air  4%         N/A       52%         3
 Ice Form                 Ice/Tmut       10%        N/A       61%         4
 Confusing Touch          Hex            1%         N/A       67%         3
 Vampiric Draining        Necr           0%         2d6       67%         3
 Passage of Golubria      Tloc           N/A        N/A       97%         4
 Silence                  Hex/Air        0%         N/A       100%        5
 Lehudib's Crystal Spear  Conj/Erth      0%         10d2      100%        8


Dungeon Overview and Level Annotations

Branches:
Dungeon (7/15)
 Temple: D:4-7

Altars:
Dithmenos
Gozag
Qazlal
Trog

Annotations:
D:6 8 exclusions, Sigmund

Inventory:

Missiles
 n - 3 curare-tipped darts
Armour
 j - a +0 leather armour (worn)
   (You found it on level 2 of the Dungeon)
 k - a +0 pair of boots (melded)
   (You found it on level 3 of the Dungeon)
 r - a +2 robe of fire resistance
   (You took it off an orc wizard on level 6 of the Dungeon)
Magical Staves
 p - a staff of earth
   (You found it on level 5 of the Dungeon)
Jewellery
 b - a ring of ice
   (You found it on level 1 of the Dungeon)
 h - a +4 ring of evasion (right hand)
   (You found it on level 6 of the Dungeon)
 q - a +4 ring of protection (left hand)
   (You found it on level 4 of the Dungeon)
Wands
 v - a wand of iceblast (10)
   (You found it on level 7 of the Dungeon)
Scrolls
 a - a scroll of fog {unknown}
 c - 2 scrolls of fear
 e - a scroll of holy word {unknown}
 f - a scroll of acquirement {unknown}
 g - 2 scrolls of brand weapon {unknown}
 i - a scroll of magic mapping
 l - 2 scrolls of enchant armour {unknown}
 m - a scroll of blinking {unknown}
 s - 2 scrolls of teleportation {@r4}
Potions
 d - a potion of ambrosia
 o - a potion of invisibility
 t - a potion of berserk rage {unknown}
 u - a potion of curing {@q1}

.... .......#
#.........(...#..#
#......... ...#..#
.......... .....# {...
.... #....# ....
###..###....#
....##.#...#.....#
.................#
.)..........###.@#
...........#####D# ##.##
...........##.##.###......
......#...................
..#..........##..##.......
.........#....###.........
##.......#..........§.§§..
###...........#.........##
#.............#.......#§..


You could see a steam dragon (catching breath).


Message History

You hit the ice beast. Your headbutt misses the ice beast.
The ice beast hits you. The ice beast freezes you!
You hit the ice beast.
You kill the ice beast!
You start resting.
Your transformation is almost over.
You start resting.
Your horns disappear.
Your +0 pair of boots unmelds from your body.
A steam dragon comes into view.
The steam dragon hisses angrily.
A steam dragon is nearby!
You grow a pair of large bovine horns.
Your +0 pair of boots melds into your body.
The steam dragon breathes steam at you. The ball of steam hits you!
You start resting.
A steam dragon is nearby!
The steam dragon breathes steam at you. The ball of steam misses you.
You are engulfed in a cloud of scalding steam.
The steam dragon closely misses you.
The steam dragon claws you but does no damage.
You hit the steam dragon. Your headbutt misses the steam dragon.
You are engulfed in a cloud of scalding steam.
The steam dragon bites you.
* * * LOW HITPOINT WARNING * * *
The steam dragon claws you.
* * * LOW HITPOINT WARNING * * *
Your transformation is almost over.
The steam dragon bites you.
* * * LOW HITPOINT WARNING * * *
The steam dragon claws you but does no damage.
You completely miss the steam dragon. You headbutt the steam dragon.
The steam dragon misses you.
The steam dragon claws you but does no damage.
You punch the steam dragon!
You are engulfed in a cloud of scalding steam.
* * * LOW HITPOINT WARNING * * *
The steam dragon closely misses you.
The steam dragon claws you but does no damage.
You hit the steam dragon. Your headbutt misses the steam dragon.
You are engulfed in a cloud of scalding steam.
* * * LOW HITPOINT WARNING * * *
The steam dragon misses you. The steam dragon barely misses you.
You hit the steam dragon but do no damage.
Your punch misses the steam dragon. The steam dragon breathes steam at you.
The ball of steam hits you!!
You die...

Levels and vault maps discovered:
D:1:      dpeg_arrival_shrine, layout_rooms, serial_corexii_hall,
          corexii_hall_statues_i, corexii_hall_statues_l
D:2:      layout_loops_ring, minmay_rat_hole
D:3:      layout_rooms, lemuel_tele_altar
D:4:      layout_cave_pools, trog_wizard
D:5:      kennysheep_slugbush, layout_basic,
          nicolae_gozag_cash_rules_everything_around_me, glass_columns_a,
          minivault_27
D:6:      layout_loops_corners, uniq_sigmund
D:7:      layout_cave_pools, mainiacjoe_overflow_boulevard,
          kennysheep_mini_moat, mainiacjoe_overflow_small_starburst,
          mainiacjoe_overflow_surrounded_room, minmay_temple_entry_poolview

Vanquished Creatures
  A water moccasin (D:4)
  A black bear (D:6)
  An orc warrior (D:6)
  A necrophage (D:6)
  3 ice beasts
  A centaur (D:6)
  2 bullfrogs (D:7)
  3 wights
  A jelly (D:5)
  A centaur zombie (D:6)
  A centaur skeleton (D:6)
  3 hounds
  2 orc priests (D:3)
  2 bullfrog skeletons
  4 iguanas
  5 orc wizards
  A killer bee zombie (D:6)
  A hound zombie (D:5)
  7 adders
  An ufetubus (D:7)
  3 worms
  12 dart slugs
  28 orcs
  9 ball pythons
  2 bats
  4 endoplasms
  4 giant cockroaches
  7 goblins
  9 hobgoblins
  4 jackals (D:1)
  4 kobolds
  2 quokkas
  3 frilled lizards
  23 rats
156 creatures vanquished.

Vanquished Creatures (others)
  A wizard (D:4)
  2 plants (D:7)
3 creatures vanquished.

Grand Total: 159 creatures vanquished

Table legend: (Time is in decaauts)
 A = Elapsed time spent in this place.
 B = Non-inter-level travel time spent in this place.
 C = Inter-level travel time spent in this place.
 D = Time resting spent in this place.
 E = Time spent auto-exploring this place.
 F = Levels seen in this place.
 G = Mean time per level.
                   A        B        C        D        E       F      G
               +--------+--------+--------+--------+--------+-----+--------+
         Total |   9937 |   9405 |    532 |   4354 |   2786 |   7 | 1419.6 |
       Dungeon |   9937 |   9405 |    532 |   4354 |   2786 |   7 | 1419.6 |
               +--------+--------+--------+--------+--------+-----+--------+

Top non-repeatable levels by time:
     D:2: 2815 daAuts
     D:6: 1761 daAuts
     D:4: 1516 daAuts
     D:5: 1312 daAuts
     D:3: 1259 daAuts
     D:1: 926 daAuts
     D:7: 345 daAuts

Table legend:
 A = Kills in this place as a percentage of kills in entire the game.
 B = Kills by you in this place as a percentage of kills by you in the entire game.
 C = Kills by friends in this place as a percentage of kills by friends in the entire game.
 D = Other kills in this place as a percentage of other kills in the entire game.
 E = Experience gained in this place as a percentage of experience gained in the entire game.
 F = Experience gained in this place divided by the number of levels of this place that you have seen.
                   A       B       C       D       E      F
               +-------+-------+-------+-------+-------+----------------------
         Total | 100.0 | 100.0 |   N/A |   N/A | 100.0 | 366.4
       Dungeon | 100.0 | 100.0 |   N/A |   N/A | 100.0 | 366.4
               +-------+-------+-------+-------+-------+----------------------

Notes
Turn   | Place    | Note
-------+----------+-------------------------------------------
     0 | D:1      | Sixotanaka the Merfolk Transmuter began the quest for the
                  | Orb.
     0 | D:1      | Reached XP level 1. HP: 15/15 MP: 3/3
   224 | D:1      | Reached XP level 2. HP: 21/21 MP: 3/5
   227 | D:1      | Reached skill level 3 in Dodging
   227 | D:1      | Reached skill level 3 in Transmutations
   504 | D:1      | Reached XP level 3. HP: 26/26 MP: 4/6
   654 | D:1      | Reached skill level 4 in Unarmed Combat
  1444 | D:2      | Learned a level 2 spell: Wereblood
  1711 | D:2      | Reached XP level 4. HP: 27/32 MP: 7/7
  2387 | D:3      | HP: 8/32 [orc (5)]
  2392 | D:2      | HP: 3/32 [orc (5)]
  2394 | D:2      | HP: 1/32 [orc (1)]
  3280 | D:3      | Reached skill level 4 in Dodging
  3280 | D:3      | Reached skill level 5 in Unarmed Combat
  3280 | D:3      | Reached skill level 4 in Transmutations
  3280 | D:3      | Reached XP level 5. HP: 23/37 MP: 6/8
  4415 | D:3      | Reached XP level 6. HP: 35/43 MP: 9/9
  4566 | D:3      | Found a stormy altar of Qazlal.
  5274 | D:4      | HP: 7/43 [iguana (8)]
  5276 | D:4      | Reached skill level 6 in Unarmed Combat
  5670 | D:4      | Found a bloodstained altar of Trog.
  5671 | D:4      | Noticed a wizard
  5676 | D:4      | Killed a wizard
  5904 | D:5      | Entered Level 5 of the Dungeon
  5919 | D:5      | Found an opulent altar of Gozag.
  5936 | D:5      | Reached skill level 5 in Dodging
  6303 | D:5      | Noticed a water moccasin
  6546 | D:4      | Killed a water moccasin
  6547 | D:4      | Reached XP level 7. HP: 18/48 MP: 10/10
  6799 | D:5      | Reached skill level 7 in Unarmed Combat
  6991 | D:5      | Reached skill level 6 in Dodging
  7869 | D:6      | Reached skill level 8 in Unarmed Combat
  7869 | D:6      | Reached XP level 8. HP: 34/54 MP: 9/11
  8083 | D:6      | Learned a level 3 spell: Spider Form
  8314 | D:6      | Reached skill level 5 in Transmutations
  8314 | D:6      | Reached skill level 1 in Poison Magic
  8610 | D:6      | Noticed Sigmund
  8684 | D:6      | Reached skill level 2 in Poison Magic
  8928 | D:6      | Reached skill level 9 in Unarmed Combat
  8947 | D:6      | Reached skill level 6 in Transmutations
  9645 | D:6      | Reached skill level 3 in Poison Magic
  9805 | D:7      | Found a shadowy altar of Dithmenos.
  9861 | D:7      | Reached XP level 9. HP: 57/59 MP: 12/12
 10003 | D:7      | HP: 9/59 [steam dragon] (6)]
 10004 | D:7      | Killed from afar by a steam dragon

Action                   |  1- 3 |  4- 6 |  7- 9 || total
-------------------------+-------+-------+-------++-------
Melee: Unarmed           |   144 |   259 |   190 ||   593
       Headbutt          |    13 |    34 |    29 ||    76
       Punch             |     5 |     4 |     4 ||    13
       Tailslap          |       |     7 |       ||     7
 Cast: Beastly Appendage |    26 |    43 |    30 ||    99
       Wereblood         |     2 |     2 |     2 ||     6
  Use: Scroll            |       |     3 |     3 ||     6
       Potion            |       |     3 |       ||     3
 Stab: Sleeping          |       |     1 |       ||     1
Armor: Robe              |    20 |       |       ||    20
       Leather armour    |       |    55 |    61 ||   116
Dodge: Dodged            |    91 |   148 |   132 ||   371
